| TOP OF THE 1ST |
|
Texas (APP) Rangers batting - Pitching for Great Falls Voyagers : RHP Alje Velders
|
|
Pitching: RHP Alje Velders
|
|
|
Batting: SHB Tim Rogers
|
0-0: Called Strike 0-1: Foul Ball, location: 2F 0-2: Ball 1-2: Strikes out swinging
|
|
Batting: RHB Sal Cervantes
|
0-0: Foul Ball, location: 2F 0-1: Ball 1-1: Swinging Strike 1-2: Foul Ball, location: 2F 1-2: Ball 2-2: Ground out 6-3 (Groundball, 6S, EV 66.2 MPH)
|
|
Batting: RHB Bryan Wheeler
|
0-0: Ball 1-0: Ball 2-0: Foul Ball, location: 2F 2-1: Swinging Strike 2-2: Strikes out swinging
|
| Top of the 1st over - 0 runs, 0 hits, 0 errors, 0 left on base; Texas (APP) 0 - Great Falls 0 |
| BOTTOM OF THE 1ST |
|
Great Falls Voyagers batting - Pitching for Texas (APP) Rangers : RHP Javy Arias
|
|
Pitching: RHP Javy Arias
|
|
|
Batting: SHB Jay Gagnon
|
0-0: Ball 1-0: Called Strike 1-1: Ball 2-1: SINGLE (Groundball, 4MD, EV 101.2 MPH)
|
|
Batting: RHB Mike Rosa
|
0-0: Called Strike Jay Gagnon steals 2nd base 0-1: Swinging Strike 0-2: SINGLE (Groundball, 34D, EV 96.9 MPH) Jay Gagnon to third
|
|
Batting: LHB Justin Stickney
|
0-0: Ball 1-0: Ball 2-0: Called Strike Mike Rosa steals 2nd base (no throw) 2-1: Called Strike 2-2: Foul Ball, location: 2F 2-2: Foul Ball, location: 2F 2-2: 3-RUN HOME RUN (Flyball, 9D, EV 99.4 MPH), Distance : 370 ft
|
|
Batting: LHB Jeff Alphonso
|
0-0: Ball 1-0: Ball 2-0: SOLO HOME RUN (Flyball, 89XD, EV 115.6 MPH), Distance : 430 ft
|
|
Batting: RHB Andy Cotton
|
0-0: Called Strike 0-1: Called Strike 0-2: Strikes out swinging
|
|
Batting: RHB David Rhodes
|
0-0: Called Strike 0-1: Swinging Strike 0-2: Ground out U3 (Groundball, 34S, EV 88.8 MPH)
|
|
Batting: RHB Tommy Ellington
|
0-0: Called Strike 0-1: Ball 1-1: Ball 2-1: Ball 3-1: Base on Balls
|
|
Batting: RHB Billy Grubbs
|
0-0: Ball Tommy Ellington is caught stealing 2nd base 2-4
|
| Bottom of the 1st over - 4 runs, 4 hits, 0 errors, 0 left on base; Texas (APP) 0 - Great Falls 4 |
| TOP OF THE 2ND |
|
Texas (APP) Rangers batting - Pitching for Great Falls Voyagers : RHP Alje Velders
|
|
Batting: RHB Shawn Weber
|
0-0: Ball 1-0: Ball 2-0: Foul Ball, location: 2F 2-1: Swinging Strike 2-2: Ball 3-2: Ground out 5-3 (Groundball, 56, EV 85.0 MPH)
|
|
Batting: RHB Luis Solorzano
|
0-0: Ball 1-0: Ball 2-0: Swinging Strike 2-1: Ball 3-1: Base on Balls
|
|
Batting: SHB Albert Ortiz
|
0-0: Called Strike Luis Solorzano steals 2nd base (no throw) 0-1: Foul Ball, location: 2F 0-2: Foul Ball, location: 2F 0-2: Ball 1-2: Ball 2-2: Foul Ball, location: 2F 2-2: Ball 3-2: Ground out U3 (Groundball, 34S, EV 86.9 MPH) Luis Solorzano to third
|
|
Batting: RHB Kelly Cole
|
0-0: Ball 1-0: Swinging Strike 1-1: Ball 2-1: Foul Ball, location: 2F 2-2: Ground out 6-3 (Groundball, 6MD, EV 85.6 MPH)
|
| Top of the 2nd over - 0 runs, 0 hits, 0 errors, 1 left on base; Texas (APP) 0 - Great Falls 4 |
| BOTTOM OF THE 2ND |
|
Great Falls Voyagers batting - Pitching for Texas (APP) Rangers : RHP Javy Arias
|
|
Batting: RHB Billy Grubbs
|
0-0: Ball 1-0: Called Strike 1-1: Called Strike 1-2: Strikes out looking
|
|
Batting: RHB Kasey Bland
|
0-0: Foul Ball, location: 2F 0-1: Called Strike 0-2: DOUBLE (Line Drive, 9LD, EV 108.8 MPH)
|
|
Batting: SHB Jay Gagnon
|
0-0: SINGLE (Groundball, 6MD, EV 103.1 MPH) Kasey Bland to third Runner from 3rd tries for Home, SAFE, throw by CF to home
|
|
Batting: RHB Mike Rosa
|
0-0: Ball Jay Gagnon steals 2nd base 1-0: Swinging Strike 1-1: Called Strike Jay Gagnon steals 3rd base 1-2: Ground out 5-3 (Groundball, 5L, EV 108.8 MPH)
|
|
Batting: LHB Justin Stickney
|
0-0: Ball 1-0: Ground out 4-3 (Groundball, 34D, EV 99.4 MPH)
|
| Bottom of the 2nd over - 1 run, 2 hits, 0 errors, 1 left on base; Texas (APP) 0 - Great Falls 5 |
| TOP OF THE 3RD |
|
Texas (APP) Rangers batting - Pitching for Great Falls Voyagers : RHP Alje Velders
|
|
Batting: RHB Sebastian Fisk
|
0-0: Ball 1-0: Called Strike 1-1: Ball 2-1: Foul Ball, location: 2F 2-2: Ball 3-2: Base on Balls
|
|
Batting: RHB Javy Arias
|
0-0: Called Strike 0-1: Ball 1-1: Called Strike 1-2: Foul Ball, location: 2F 1-2: Ball 2-2: Ball 3-2: Fly out, F7 (Flyball, 7S, EV 93.1 MPH)
|
|
Batting: SHB Tim Rogers
|
0-0: Ball 1-0: Ball 2-0: Called Strike 2-1: Swinging Strike 2-2: Strikes out swinging
|
|
Batting: RHB Sal Cervantes
|
0-0: Called Strike 0-1: Foul Ball, location: 2F 0-2: Ball 1-2: SINGLE (Line Drive, 3D, EV 108.1 MPH) Sebastian Fisk to second
|
|
Batting: RHB Bryan Wheeler
|
0-0: Ball 1-0: Called Strike 1-1: Ball 2-1: Foul Ball, location: 2F 2-2: Foul Ball, location: 2F 2-2: Foul Ball, location: 2F 2-2: 3-RUN HOME RUN (Flyball, 78XD, EV 100.0 MPH), Distance : 406 ft
|
|
Batting: RHB Shawn Weber
|
0-0: Ball 1-0: Called Strike 1-1: Called Strike 1-2: Strikes out swinging
|
| Top of the 3rd over - 3 runs, 2 hits, 0 errors, 0 left on base; Texas (APP) 3 - Great Falls 5 |
| BOTTOM OF THE 3RD |
|
Great Falls Voyagers batting - Pitching for Texas (APP) Rangers : RHP Javy Arias
|
|
Batting: LHB Jeff Alphonso
|
0-0: Ball 1-0: Ball 2-0: Ball 3-0: Base on Balls
|
|
Batting: RHB Andy Cotton
|
0-0: Swinging Strike 0-1: Called Strike 0-2: Foul Ball, location: 2F 0-2: Ball 1-2: Ball 2-2: Strikes out swinging
|
|
Batting: RHB David Rhodes
|
0-0: Foul Ball, location: 2F 0-1: Ball 1-1: Ball 2-1: Foul Ball, location: 2F 2-2: Foul Ball, location: 2F 2-2: Fly out, F7 (Flyball, 78M, EV 90.6 MPH)
|
|
Batting: RHB Tommy Ellington
|
0-0: Foul Ball, location: 2F 0-1: 2-RUN HOME RUN (Flyball, 78XD, EV 101.9 MPH), Distance : 413 ft
|
|
Batting: RHB Billy Grubbs
|
0-0: Ball 1-0: Ball 2-0: Fly out, F8 (Flyball, 8RD, EV 100.0 MPH)
|
| Bottom of the 3rd over - 2 runs, 1 hit, 0 errors, 0 left on base; Texas (APP) 3 - Great Falls 7 |
| TOP OF THE 4TH |
|
Texas (APP) Rangers batting - Pitching for Great Falls Voyagers : RHP Alje Velders
|
|
Batting: RHB Luis Solorzano
|
0-0: Ball 1-0: Ball 2-0: Ground out 5-3 (Groundball, 56, EV 108.1 MPH)
|
|
Batting: SHB Albert Ortiz
|
0-0: Called Strike 0-1: Ball 1-1: Ball 2-1: Ball 3-1: Fly out, F8 (Flyball, 8RS, EV 88.1 MPH)
|
|
Batting: RHB Kelly Cole
|
0-0: Fly out, F9 (Flyball, 9LM, EV 89.4 MPH)
|
| Top of the 4th over - 0 runs, 0 hits, 0 errors, 0 left on base; Texas (APP) 3 - Great Falls 7 |
| BOTTOM OF THE 4TH |
|
Great Falls Voyagers batting - Pitching for Texas (APP) Rangers : RHP Javy Arias
|
|
Batting: RHB Kasey Bland
|
0-0: Ball 1-0: SOLO HOME RUN (Flyball, 78XD, EV 99.4 MPH), Distance : 406 ft
|
|
Pitching: LHP Alex Boites
|
|
|
Batting: SHB Jay Gagnon
|
0-0: Ball 1-0: Called Strike 1-1: Called Strike 1-2: Ground out 4-3 (Groundball, 4, EV 87.5 MPH)
|
|
Batting: RHB Mike Rosa
|
0-0: Ball 1-0: Ball 2-0: Ball 3-0: Base on Balls
|
|
Batting: LHB Justin Stickney
|
0-0: Called Strike Mike Rosa steals 2nd base 0-1: Swinging Strike 0-2: Strikes out swinging
|
|
Batting: LHB Jeff Alphonso
|
0-0: Called Strike 0-1: 2-RUN HOME RUN (Flyball, 89XD, EV 113.1 MPH), Distance : 422 ft
|
|
Batting: RHB Andy Cotton
|
0-0: Ball 1-0: Called Strike 1-1: Swinging Strike 1-2: Foul Ball, location: 2F 1-2: SOLO HOME RUN (Line Drive, 78XD, EV 104.4 MPH), Distance : 417 ft
|
|
Pitching: RHP Mike Warren
|
|
|
Batting: RHB David Rhodes
|
0-0: Called Strike 0-1: Ball 1-1: Foul Ball, location: 2F 1-2: Ball 2-2: TRIPLE (Flyball, 9LD, EV 112.5 MPH)
|
|
Batting: RHB Tommy Ellington
|
0-0: Called Strike 0-1: Ball 1-1: DOUBLE (Groundball, 5L, EV 104.4 MPH) David Rhodes scores
|
|
Batting: RHB Billy Grubbs
|
0-0: SINGLE (Line Drive, 4D, EV 95.6 MPH) Tommy Ellington to third
|
|
Batting: RHB Kasey Bland
|
0-0: Ball 1-0: Ball 2-0: Ball 3-0: Base on Balls Billy Grubbs to second
|
|
Batting: SHB Jay Gagnon
|
0-0: SINGLE (Line Drive, 9S, EV 105.6 MPH) Tommy Ellington scores Billy Grubbs to third Kasey Bland to second
|
|
Batting: RHB Mike Rosa
|
0-0: Ball 1-0: Called Strike 1-1: Called Strike 1-2: Ball 2-2: Ground out U3 (Groundball, 34S, EV 80.0 MPH)
|
| Bottom of the 4th over - 6 runs, 7 hits, 0 errors, 3 left on base; Texas (APP) 3 - Great Falls 13 |
| TOP OF THE 5TH |
|
Texas (APP) Rangers batting - Pitching for Great Falls Voyagers : RHP Alje Velders
|
|
Batting: RHB Sebastian Fisk
|
0-0: Foul Ball, location: 2F 0-1: Called Strike 0-2: Ball 1-2: Foul Ball, location: 2F 1-2: Ball 2-2: Foul Ball, location: 2F 2-2: Ball 3-2: Strikes out looking
|
|
Batting: RHB Javy Arias
|
0-0: Ball 1-0: Ball 2-0: Ball 3-0: Base on Balls
|
|
Pitching: RHP Ivan Gaona
|
|
|
Batting: SHB Tim Rogers
|
0-0: Ball Javy Arias is caught stealing 2nd base 2-6 1-0: Ball 2-0: Foul Ball, location: 2F 2-1: Ball 3-1: SINGLE (Groundball, 6S, EV 63.1 MPH) (infield hit)
|
|
Batting: RHB Sal Cervantes
|
0-0: Called Strike Tim Rogers steals 2nd base 0-1: Reached via error on a dropped throw from P, E3 (Groundball, P, EV 63.8 MPH) Tim Rogers to third
|
|
Batting: RHB Bryan Wheeler
|
0-0: Ball 1-0: Foul Ball, location: 2F 1-1: Fly out, F8 (Line Drive, 89S, EV 95.0 MPH)
|
| Top of the 5th over - 0 runs, 1 hit, 1 error, 2 left on base; Texas (APP) 3 - Great Falls 13 |
| BOTTOM OF THE 5TH |
|
Great Falls Voyagers batting - Pitching for Texas (APP) Rangers : RHP Mike Warren
|
|
Pitching: LHP Tomoya Hashimoto
|
|
|
Batting: LHB Justin Stickney
|
0-0: Ball 1-0: Ball 2-0: Called Strike 2-1: Foul Ball, location: 2F 2-2: Ball 3-2: Foul Ball, location: 2F 3-2: Base on Balls
|
|
Batting: LHB Jeff Alphonso
|
0-0: Foul Ball, location: 2F 0-1: Ball 1-1: Fly out, F9 (Flyball, 9D, EV 91.9 MPH)
|
|
Batting: RHB Andy Cotton
|
0-0: Ball 1-0: Ball 2-0: Foul Ball, location: 2F 2-1: Ball 3-1: Base on Balls Justin Stickney to second
|
|
Batting: RHB David Rhodes
|
0-0: Ball 1-0: Called Strike 1-1: DOUBLE (Line Drive, 78D, EV 106.2 MPH) Justin Stickney scores Andy Cotton to third Runner from 3rd tries for Home, SAFE, throw by CF to home
|
|
Pitching: RHP Brad Sanchez
|
|
|
Batting: RHB Tommy Ellington
|
0-0: Ball 1-0: Ball 2-0: Swinging Strike 2-1: 2-RUN HOME RUN (Flyball, 7D, EV 96.2 MPH), Distance : 380 ft
|
|
Batting: RHB Billy Grubbs
|
0-0: Foul Ball, location: 2F 0-1: Ball 1-1: Swinging Strike 1-2: Ground out 6-3 (Groundball, 6, EV 91.9 MPH)
|
|
Batting: RHB Kasey Bland
|
0-0: Foul Ball, location: 2F 0-1: Foul Ball, location: 2F 0-2: Foul Ball, location: 2F 0-2: Ground out 1-3 (Groundball, 13S, EV 68.8 MPH)
|
| Bottom of the 5th over - 4 runs, 2 hits, 0 errors, 0 left on base; Texas (APP) 3 - Great Falls 17 |
| TOP OF THE 6TH |
|
Texas (APP) Rangers batting - Pitching for Great Falls Voyagers : RHP Ivan Gaona
|
|
Batting: RHB Shawn Weber
|
0-0: Ball 1-0: Ball 2-0: Fly out, F8 (Flyball, 89M, EV 84.4 MPH)
|
|
Batting: RHB Luis Solorzano
|
0-0: Ball 1-0: Ball 2-0: Ball 3-0: Called Strike 3-1: Base on Balls
|
|
Batting: SHB Albert Ortiz
|
0-0: Ball Luis Solorzano steals 2nd base 1-0: Ball 2-0: Called Strike 2-1: Foul Ball, location: 2F 2-2: Ground out 4-3 (Groundball, 4, EV 88.8 MPH) Luis Solorzano to third
|
|
Batting: RHB Kelly Cole
|
0-0: Called Strike 0-1: SINGLE (Line Drive, 3D, EV 106.2 MPH) Luis Solorzano scores
|
|
Batting: RHB Sebastian Fisk
|
0-0: Called Strike Kelly Cole steals 2nd base 0-1: Ground out 6-3 (Groundball, 6, EV 101.2 MPH)
|
| Top of the 6th over - 1 run, 1 hit, 0 errors, 1 left on base; Texas (APP) 4 - Great Falls 17 |
| BOTTOM OF THE 6TH |
|
Great Falls Voyagers batting - Pitching for Texas (APP) Rangers : RHP Brad Sanchez
|
|
Batting: SHB Jay Gagnon
|
0-0: Ball 1-0: Ball 2-0: Swinging Strike 2-1: Foul Ball, location: 2F 2-2: Ball 3-2: Strikes out swinging
|
|
Batting: RHB Mike Rosa
|
0-0: Swinging Strike 0-1: Swinging Strike 0-2: Foul Ball, location: 2F 0-2: Ball 1-2: Ball 2-2: Fly out, F9 (Line Drive, 9, EV 90.6 MPH)
|
|
Pitching: RHP Bobby Scott
|
|
|
Batting: LHB Justin Stickney
|
0-0: Ball 1-0: Ball 2-0: Called Strike 2-1: Fly out, F7 (Flyball, 7S, EV 83.1 MPH)
|
| Bottom of the 6th over - 0 runs, 0 hits, 0 errors, 0 left on base; Texas (APP) 4 - Great Falls 17 |
| TOP OF THE 7TH |
|
Texas (APP) Rangers batting - Pitching for Great Falls Voyagers : RHP Ivan Gaona
|
|
Batting: RHB Javy Arias
|
0-0: Called Strike 0-1: Ball 1-1: Fly out, F8 (Line Drive, 89M, EV 95.6 MPH)
|
|
Pitching: LHP Don Stanford
|
|
|
Batting: SHB Tim Rogers
|
0-0: Swinging Strike 0-1: Ball 1-1: Called Strike 1-2: Strikes out swinging
|
|
Batting: RHB Sal Cervantes
|
0-0: Called Strike 0-1: Swinging Strike 0-2: Ball 1-2: Strikes out looking
|
| Top of the 7th over - 0 runs, 0 hits, 0 errors, 0 left on base; Texas (APP) 4 - Great Falls 17 |
| BOTTOM OF THE 7TH |
|
Great Falls Voyagers batting - Pitching for Texas (APP) Rangers : RHP Bobby Scott
|
|
Batting: LHB Jeff Alphonso
|
0-0: Called Strike 0-1: Swinging Strike 0-2: Ball 1-2: Ball 2-2: Ball 3-2: Strikes out swinging
|
|
Batting: RHB Andy Cotton
|
0-0: Swinging Strike 0-1: Swinging Strike 0-2: Ball 1-2: Ball 2-2: Foul Ball, location: 2F 2-2: Ball 3-2: SINGLE (Flyball, 8RS, EV 88.1 MPH)
|
|
Batting: RHB David Rhodes
|
0-0: Foul Ball, location: 2F 0-1: Ball 1-1: Fly out, F8 (Flyball, 8LM, EV 85.0 MPH)
|
|
Batting: RHB Tommy Ellington
|
0-0: Called Strike 0-1: Foul Ball, location: 2F 0-2: Foul Ball, location: 2F 0-2: Foul Ball, location: 2F 0-2: Ball 1-2: Strikes out swinging
|
| Bottom of the 7th over - 0 runs, 1 hit, 0 errors, 1 left on base; Texas (APP) 4 - Great Falls 17 |
| TOP OF THE 8TH |
|
Texas (APP) Rangers batting - Pitching for Great Falls Voyagers : LHP Don Stanford
|
|
Batting: RHB Bryan Wheeler
|
0-0: Ball 1-0: Called Strike 1-1: SOLO HOME RUN (Flyball, 7LD, EV 95.6 MPH), Distance : 341 ft
|
|
Batting: RHB Shawn Weber
|
0-0: Called Strike 0-1: Ground out 6-3 (Groundball, 56D, EV 108.1 MPH)
|
|
Batting: RHB Luis Solorzano
|
0-0: Called Strike 0-1: Fly out, F8 (Flyball, 8RM, EV 76.9 MPH)
|
|
Batting: SHB Albert Ortiz
|
0-0: Swinging Strike 0-1: Ball 1-1: Ground out 5-3 (Groundball, 56, EV 90.0 MPH)
|
| Top of the 8th over - 1 run, 1 hit, 0 errors, 0 left on base; Texas (APP) 5 - Great Falls 17 |
| BOTTOM OF THE 8TH |
|
Great Falls Voyagers batting - Pitching for Texas (APP) Rangers : RHP Bobby Scott
|
|
Batting: RHB Billy Grubbs
|
0-0: Ball 1-0: Called Strike 1-1: Swinging Strike 1-2: Strikes out looking
|
|
Batting: RHB Kasey Bland
|
0-0: Called Strike 0-1: SOLO HOME RUN (Line Drive, 7D, EV 97.5 MPH), Distance : 378 ft
|
|
Pitching: RHP Ferdi Schipper
|
|
|
Batting: SHB Jay Gagnon
|
0-0: Swinging Strike 0-1: Ball 1-1: Called Strike 1-2: Strikes out swinging
|
|
Batting: RHB Mike Rosa
|
0-0: Ball 1-0: Called Strike 1-1: Called Strike 1-2: Ball 2-2: Ball 3-2: Foul Ball, location: 2F 3-2: Foul Ball, location: 2F 3-2: Base on Balls
|
|
Batting: LHB Justin Stickney
|
0-0: Fly out, F3 (Flyball, 3D, EV 88.1 MPH)
|
| Bottom of the 8th over - 1 run, 1 hit, 0 errors, 1 left on base; Texas (APP) 5 - Great Falls 18 |
| TOP OF THE 9TH |
|
Texas (APP) Rangers batting - Pitching for Great Falls Voyagers : LHP Don Stanford
|
|
Batting: RHB Kelly Cole
|
0-0: Ground out 5-3 (Groundball, 56, EV 108.8 MPH)
|
|
Batting: RHB Sebastian Fisk
|
0-0: Foul Ball, location: 2F 0-1: Ball 1-1: Ball 2-1: SOLO HOME RUN (Flyball, 9D, EV 100.0 MPH), Distance : 365 ft
|
|
Batting: RHB Javy Arias
|
0-0: Called Strike 0-1: Swinging Strike 0-2: Foul Ball, location: 2F 0-2: Foul Ball, location: 2F 0-2: Ball 1-2: Foul Ball, location: 2F 1-2: Strikes out swinging
|
|
Batting: SHB Tim Rogers
|
0-0: Called Strike 0-1: Foul Ball, location: 2F 0-2: Strikes out swinging
|
| Top of the 9th over - 1 run, 1 hit, 0 errors, 0 left on base; Texas (APP) 6 - Great Falls 18 |
|